 Dungeon Crawl Stone Soup version 0.26-a0-812-g31a745ddcd (webtiles) character file.

Game seed: 10622015912456345224

2429 Argons the Thaumaturge (level 9, -17/46 HPs)
             Began as a Deep Elf Transmuter on Nov 14, 2020.
             Was a Follower of Vehumet.
             Demolished by a wyvern (18 damage)
             ... on level 7 of the Dungeon.
             The game lasted 01:02:53 (13674 turns).

Argons the Thaumaturge (Deep Elf Transmuter)       Turns: 13674, Time: 01:02:53

Health: -17/46     AC:  2    Str:  7    XL:     9   Next: 24%
Magic:  0/23       EV: 15    Int: 28    God:    Vehumet [*.....]
Gold:   503        SH:  0    Dex: 15    Spells: 17/24 levels left

rFire    . . .     SeeInvis .     - Unarmed
rCold    . . .     Faith    .   (no shield)
rNeg     . . .     Spirit   +   a - +0 robe
rPois    .         Reflect  .   (no helmet)
rElec    .         Harm     .   (no cloak)
rCorr    .         Rampage  .   (no gloves)
MR       .....                  (no boots)
Stlth    ++++......             g - amulet of guardian spirit
HPRegen  0.15/turn              (no ring)
MPRegen  0.18/turn              q - +6 ring of intelligence

@: about to teleport
A: no striking features
a: Renounce Religion


You were on level 7 of the Dungeon.
You worshipped Vehumet.
Vehumet was aware of your devotion.
You visited 2 branches of the dungeon, and saw 9 of its levels.

You collected 503 gold pieces.

Inventory:

Hand Weapons
 h - a +0 dagger
Missiles
 o - 70 poisoned darts (quivered)
Armour
 a - a +0 robe (worn)
 l - a cursed +0 leather armour
Jewellery
 g - an amulet of guardian spirit (around neck)
 p - an uncursed ring of ice
 q - a +6 ring of intelligence (right hand)
Wands
 x - a wand of digging (5)
 y - a wand of acid (3)
 z - a wand of enslavement (7)
 D - a wand of paralysis (11)
Scrolls
 c - a scroll of magic mapping
 d - 3 scrolls of fog
 f - a scroll of teleportation
 m - 3 scrolls of enchant armour {unknown}
 n - 2 scrolls of remove curse
 r - 2 scrolls of amnesia {unknown}
 v - 2 scrolls of identify
 A - a scroll of fear {unknown}
 B - a scroll of holy word {unknown}
Potions
 b - 4 potions of attraction
 e - 3 potions of might
 i - a potion of magic
 j - 4 potions of flight
 k - 2 potions of berserk rage {unknown}
 s - a potion of mutation {unknown}
 t - 2 potions of brilliance
 u - 3 potions of curing
 w - a potion of ambrosia {unknown}
 C - a potion of degeneration {unknown}


   Skills:
 - Level 0.7 Fighting
 - Level 5.0 Dodging
 - Level 7.1 Stealth
 - Level 2.4 Unarmed Combat
 - Level 8.1 Spellcasting
 + Level 4.0 Conjurations
 - Level 3.0 Transmutations
 + Level 3.9 Earth Magic
 - Level 7.0 Poison Magic


You had 17 spell levels left.
You knew the following spells:

 Your Spells              Type           Power        Failure   Level
a - Beastly Appendage     Tmut           ####..       1%          1
b - Spider Form           Tmut/Pois      #####.....   1%          3
c - Stone Arrow           Conj/Erth      ####..       2%          3

Your spell library contained the following spells:

 Spells                   Type           Power        Failure   Level
 Sandblast                Erth           ####..       1%          1
 Passwall                 Tmut/Erth      ####....     1%          2
 Wereblood                Tmut           ####....     1%          2
 Petrify                  Tmut/Erth      ####....     12%         4
 Ice Form                 Ice/Tmut       ###.....     26%         4
 Lee's Rapid Deconstruct  Erth           ####......   26%         5
 Blade Hands              Tmut           ####......   36%         5


Dungeon Overview and Level Annotations

Branches:
Dungeon (8/15)             Temple (1/1) D:5
   Lair: D:8-11

Altars:
Ashenzari
Cheibriados
Dithmenos
Elyvilon
Fedhas
Gozag
Hepliaklqana
Kikubaaqudgha
Makhleb
Nemelex Xobeh
Okawaru
Qazlal
Ru
Sif Muna
Trog
Uskayaw
Vehumet
Wu Jian
Xom
Yredelemnul
Zin
The Shining One

Annotations:
D:6 2 runed translucent doors, Bliebski's ghost, novice OpTm; Maggie
D:7 3 runed translucent doors, PeterMcNeter's ghost, novice SpEn


Message History

There is a stone staircase leading down here.
You climb downwards.
The wyvern bites you!! The water moccasin bites you! The yak barely misses you.
The wyvern barely misses you. The water moccasin bites you.
There is a stone staircase leading up, spattered with blood here.
The wyvern barely misses you. The yak gores you!
* * * LOW HITPOINT WARNING * * *
The water moccasin misses you. The wyvern barely misses you.
You climb upwards.
Level annotation: 3 runed translucent doors, PeterMcNeter's ghost, novice SpEn
There is a stone staircase leading down here.
As you read the scroll of teleportation, it crumbles to dust.
You feel strangely unstable. The water moccasin bites you.
* * * LOW HITPOINT WARNING * * *
The yak closely misses you. The wyvern bites you!
* * * LOW HITPOINT WARNING * * *
The water moccasin bites you.
* * * LOW HITPOINT WARNING * * *
The wyvern bites you!!
You die...

.'.............#.........#
.#.............#.........#
.#.............'.........#
###.##+##.###'#########.####
###[##.##'##..###...###....#
....[................#....##
..........)..........#....#
...................[.#....#
................@Y...#....#
....<..........Sl>...#....#
###'##....###.##..##'###.####
##..##....###.##..##.###.#..#
#...#..................#....#
#...#..........).......#########
#...#......##....###..##.....#.#
###.##########'#####..##(...(#.#
###.###....##..........#..(..+.##


You could see a yak, a water moccasin and a wyvern.

Vanquished Creatures
  2 yaks (D:7)
  Eustachio (D:5)
  2 sky beasts
  An orc warrior (D:7)
  2 phantoms
  2 ogres
  2 centaurs (D:7)
  2 bullfrogs (D:6)
  2 scorpions
  3 howler monkeys
  A centaur zombie (D:5)
  A quasit (D:7)
  A centaur skeleton (D:4)
  A hound (D:5)
  A jelly (D:6)
  3 orc priests
  A bullfrog zombie (D:5)
  6 orc wizards
  A bullfrog skeleton (D:7)
  Terence (D:2)
  Natasha (thrice) (D:2)
  An iguana (D:5)
  3 worker ants
  2 worker ant zombies (D:5)
  Robin (D:2)
  6 adders
  2 white imps
  An adder skeleton (D:5)
  3 worms
  3 dart slugs
  5 leopard geckos
  28 orcs
  6 bats
  3 giant cockroaches
  11 goblins
  6 hobgoblins
  6 jackals
  4 frilled lizards
  4 kobolds
  A leopard gecko skeleton (D:5)
  A rat (D:3)
136 creatures vanquished.

Vanquished Creatures (others)
  A fungus (D:8)
  3 plants (D:8)
4 creatures vanquished.

Grand Total: 140 creatures vanquished

Notes
Turn   | Place    | Note
-------+----------+-------------------------------------------
     0 | D:1      | Argons the Deep Elf Transmuter began the quest for the Orb.
     0 | D:1      | Reached XP level 1. HP: 11/11 MP: 6/6
   879 | D:2      | Noticed Natasha
  1178 | D:3      | Reached skill level 1 in Stealth
  1178 | D:3      | Reached XP level 2. HP: 15/16 MP: 6/8
  2548 | D:2      | Reached XP level 3. HP: 19/20 MP: 9/9
  2563 | D:2      | Learned a level 3 spell: Spider Form
  2709 | D:2      | Noticed Robin
  2910 | D:2      | Noticed Terence
  3435 | D:5      | Entered Level 5 of the Dungeon
  3690 | D:4      | Noticed a phantom
  3979 | D:3      | Reached skill level 1 in Poison Magic
  4524 | D:4      | Noticed an ogre
  4640 | D:2      | Reached XP level 4. HP: 20/24 MP: 8/10
  5115 | D:2      | Killed Robin
  5491 | D:5      | Found a staircase to the Ecumenical Temple.
  5511 | Temple   | Entered the Ecumenical Temple
  5918 | Temple   | Became a worshipper of Vehumet
  6116 | D:5      | Reached XP level 5. HP: 20/28 MP: 6/11
  6128 | D:5      | Noticed a phantom
  6551 | D:4      | Reached skill level 5 in Stealth
  6692 | D:5      | Noticed Eustachio
  6874 | D:4      | Reached XP level 6. HP: 24/33 MP: 7/13
  6962 | D:4      | Reached skill level 4 in Spellcasting
  7651 | D:6      | Reached skill level 5 in Spellcasting
  7827 | D:6      | Found a large runed translucent door.
  7828 | D:6      | Found a large runed translucent door.
  7828 | D:6      | Noticed Bliebski's ghost (novice OpTm)
  7839 | D:6      | Noticed Maggie
  7932 | D:7      | Reached XP level 7. HP: 37/37 MP: 15/17
  8321 | D:2      | Killed Natasha
  8321 | D:2      | Reached skill level 5 in Poison Magic
  8701 | D:2      | Noticed Natasha
  8720 | D:2      | Killed Natasha
  8811 | D:2      | Noticed Natasha
  8827 | D:2      | Killed Natasha
  8870 | D:2      | Killed Terence
  8870 | D:2      | Reached skill level 6 in Spellcasting
  9334 | D:5      | Reached skill level 7 in Spellcasting
 10524 | D:5      | Reached XP level 8. HP: 32/42 MP: 14/21
 10526 | D:5      | Found a burning altar of Makhleb.
 10690 | D:5      | Killed Eustachio
 10690 | D:5      | Reached skill level 8 in Spellcasting
 11360 | D:6      | Reached * piety under Vehumet
 11360 | D:6      | Offered knowledge of Sandblast by Vehumet.
 11887 | D:7      | Learned a level 3 spell: Stone Arrow
 11966 | D:7      | Reached skill level 1 in Conjurations
 11966 | D:7      | Reached skill level 1 in Earth Magic
 12084 | D:7      | Reached skill level 5 in Dodging
 12326 | D:7      | Found a runed translucent gate.
 12326 | D:7      | Found a runed translucent gate.
 12326 | D:7      | Found a runed translucent gate.
 12326 | D:7      | Noticed PeterMcNeter's ghost (novice SpEn)
 12446 | D:8      | Found a sparkling altar of Nemelex Xobeh.
 12482 | D:8      | Reached XP level 9. HP: 15/46 MP: 7/23
 13673 | D:7      | HP: 1/46 [water moccasin (2)]
 13674 | D:7      | Demolished by a wyvern

Illustrated notes

Levels and vault maps discovered:
D:1:      lightli_arrival_maybe_door_vault, layout_basic
D:2:      layout_loops_corners, nrook_mini_backslash, uniq_robin, uniq_natasha,
          uniq_terence
D:3:      layout_basic, minmay_ruptured
D:4:      layout_cave_pools
D:5:      layout_cave_pools, old_standard_altar, minmay_temple_entry_mist,
          minmay_door_square, uniq_eustachio
D:6:      layout_rooms, ebering_ghost_disaster_area, corexii_leaking_fountain,
          uniq_maggie
D:7:      layout_gridville, ebering_ghost_rock_garden
D:8:      layout_gridville, minmay_lair_entry_grove, basic_altar, uniq_joseph
Temple:   nicolae_temple_the_god_donut

Skill      XL: |  1  2  3  4  5  6  7  8  9 |
---------------+----------------------------+-----
Stealth        | 1 2 3 4 5 7 |  7.1
Transmutations | 3 |  3.0
Poison Magic   | 1 2 3 4 6 7 |  7.0
Spellcasting   | 5 7 8 |  8.1
Dodging        | 5 |  5.0
Conjurations   | 2 4 |  4.0
Earth Magic    | 2 3 |  3.9
Fighting       | |  0.7
Unarmed Combat | |  2.4

Action                   |  1- 3 |  4- 6 |  7- 9 || total
-------------------------+-------+-------+-------++-------
Melee: Unarmed           |   145 |   166 |   451 ||   762
       Kick              |    31 |    55 |    14 ||   100
       Headbutt          |    21 |    32 |     7 ||    60
       Punch             |     2 |     1 |     1 ||     4
Throw: Dart              |    24 |    18 |     9 ||    51
 Cast: Beastly Appendage |    36 |    29 |     8 ||    73
       Spider Form       |       |     2 |    32 ||    34
 Abil: End Transformatio |       |     1 |     2 ||     3
  Use: Scroll            |     9 |     3 |     3 ||    15
       Potion            |       |     2 |       ||     2
 Stab: Sleeping          |     2 |     3 |     6 ||    11
Armor: Robe              |    14 |    14 |     4 ||    32
       Skin              |       |       |    18 ||    18
Dodge: Dodged            |    77 |    85 |   387 ||   549

Table legend: (Time is in decaauts)
 A = Elapsed time spent in this place.
 B = Non-inter-level travel time spent in this place.
 C = Inter-level travel time spent in this place.
 D = Time resting spent in this place.
 E = Time spent auto-exploring this place.
 F = Levels seen in this place.
 G = Mean time per level.
                   A        B        C        D        E       F      G
               +--------+--------+--------+--------+--------+-----+--------+
         Total |  13675 |  12401 |   1274 |   4945 |    599 |   9 | 1519.4 |
       Dungeon |  13254 |  11993 |   1261 |   4945 |    203 |   8 | 1656.8 |
        Temple |    421 |    408 |     13 |      0 |    396 |   1 |  421.0 |
               +--------+--------+--------+--------+--------+-----+--------+

Top non-repeatable levels by time:
     D:4: 2311 daAuts
     D:1: 2213 daAuts
     D:2: 2064 daAuts
     D:5: 2061 daAuts
     D:3: 1593 daAuts
     D:7: 1420 daAuts
     D:6: 1102 daAuts
     D:8: 487 daAuts
  Temple: 421 daAuts
